 Dungeon Crawl Stone Soup version 0.26.0-10-g1f06aea511 (webtiles) character file.

Game seed: 16403470386094943667

39 Goblin1989 the Sneak (level 3, 0/29 HPs)
             Began as a Demonspawn Delver on Jan 24, 2021.
             Slain by a big kobold
             ... wielding a +0 whip
              (3 damage)
             ... in a sewer.
             The game lasted 00:06:21 (1496 turns).

Goblin1989 the Sneak (Demonspawn Delver)            Turns: 1496, Time: 00:06:22

Health: 0/29       AC: 13    Str: 13    XL:     3   Next: 26%
Magic:  3/3        EV: 12    Int: 11    God:
Gold:   25         SH:  0    Dex: 14    Spells: 2/2 levels left

rFire    . . .     SeeInvis .   a - +0 mace
rCold    . . .     Faith    .   (no shield)
rNeg     . . .     Spirit   .   b - +0 leather armour
rPois    .         Reflect  .   (no helmet)
rElec    .         Harm     .   (no cloak)
rCorr    .         Rampage  .   (no gloves)
Will     .....                  N - +0 pair of boots
Stlth    +.........             (no amulet)
HPRegen  0.09/turn              (no ring)
MPRegen  0.08/turn              (no ring)

@: sanguine armour, very slow
A: sanguine armour 2
a: no special abilities


You were in a sewer.
You visited 1 branch of the dungeon, and saw 3 of its levels.
You also visited: Sewer.

You collected 25 gold pieces.

Inventory:

Hand Weapons
 a - a +0 mace (weapon)
Armour
 b - a +0 leather armour (worn)
 N - a +0 pair of boots (worn)
Jewellery
 S - a cursed amulet of inaccuracy {unknown}
 V - an uncursed ring of protection from cold {unknown}
Wands
 g - a wand of digging (3) {@v1}
 Q - a wand of random effects (16)
Scrolls
 c - a scroll of fog
 O - a scroll of blinking {unknown}
 R - a scroll of teleportation {unknown}
 U - a scroll of remove curse {unknown}
Potions
 f - a potion of haste {@q3,}
 P - 2 potions of heal wounds {unknown}
 T - a potion of flight {unknown}


   Skills:
 - Level 3.0 Fighting
 + Level 3.4 Maces & Flails
 - Level 1.7 Dodging
 - Level 4.5 Stealth


You had 2 spell levels left.
You didn't know any spells.
Your spell library was empty.

Dungeon Overview and Level Annotations

Branches:
Dungeon (5/15)              Sewer (1/1)
 Temple: D:4-7

Altars:

Annotations:
D:3 1 transporter, dscm's ghost, weakling HOGl
D:4 Sigmund


Innate Abilities, Weirdness & Mutations

When seriously injured, your bleeding wounds create thick armour. (AC +9)


Message History

The ooze is moderately wounded.
The ooze barely misses you.
The big kobold throws a stone.
The stone barely misses you.
You hit the ooze.
The ooze is heavily wounded.
The ooze misses you.
The big kobold throws a stone.
The stone misses you.
You hit the ooze.
The ooze is severely wounded.
The ooze hits you but does no damage. x2
You hit the ooze but do no damage.
The ooze is severely wounded.
The ooze splashes around in the water.
You completely miss the ooze.
The ooze is severely wounded.
The ooze closely misses you.
You take 1 damage, and have 28/29 hp.
You hit the ooze.
The ooze is severely wounded.
The ooze hits you.
The big kobold hits you but does no damage.
You take 2 damage, and have 26/29 hp.
You sock the ooze!
You kill the ooze!
The big kobold hits you with a +0 whip. The big kobold closely misses you.
You take 2 damage, and have 24/29 hp.
You hit the big kobold.
The big kobold is lightly wounded.
The big kobold hits you but does no damage.
You completely miss the big kobold.
The big kobold is lightly wounded.
The big kobold hits you with a +0 whip!
Your blood congeals into armour.
You take 7 damage, and have 17/29 hp.
MASSIVE DAMAGE!!
You are too injured to fight recklessly!
You are too injured to fight recklessly!
You are too injured to fight recklessly!
You are too injured to fight recklessly!
You are too injured to fight recklessly!
You are too injured to fight recklessly!
You are too injured to fight recklessly!
You are too injured to fight recklessly!
You are too injured to fight recklessly!
You are too injured to fight recklessly!
You are too injured to fight recklessly!
You are too injured to fight recklessly!
You are too injured to fight recklessly!
You are too injured to fight recklessly!
You are too injured to fight recklessly!
You are too injured to fight recklessly!
You are too injured to fight recklessly!
You are too injured to fight recklessly!
You are too injured to fight recklessly!
You are too injured to fight recklessly!
You are too injured to fight recklessly!
Unknown command.
You barely miss the big kobold.
The big kobold is lightly wounded.
The big kobold hits you but does no damage.
You sock the big kobold!
The big kobold is moderately wounded.
The big kobold hits you but does no damage.
The big kobold hits you with a +0 whip.
You take 1 damage, and have 16/29 hp.
You miss the big kobold.
The big kobold is moderately wounded.
The big kobold splashes around in the water.
Your unstable footing causes you to fumble your attack.
The big kobold barely misses you.
Your unstable footing causes you to fumble your attack.
The big kobold hits you but does no damage.
Your unstable footing causes you to fumble your attack.
The big kobold hits you with a +0 whip.
* * * LOW HITPOINT WARNING * * *
The big kobold hits you but does no damage.
You take 5 damage, and have 12/29 hp.
You hit the big kobold.
The big kobold is heavily wounded.
The big kobold hits you with a +0 whip.
* * * LOW HITPOINT WARNING * * *
You take 6 damage, and have 6/29 hp.
MASSIVE DAMAGE!!
You hit the big kobold.
The big kobold is heavily wounded.
The big kobold hits you with a +0 whip.
* * * LOW HITPOINT WARNING * * *
You take 4 damage, and have 2/29 hp.
You hit the big kobold.
The big kobold is severely wounded.
The big kobold closely misses you.
You miss the big kobold.
The big kobold is severely wounded.
The big kobold hits you but does no damage.
You closely miss the big kobold.
The big kobold is severely wounded.
The big kobold closely misses you. The big kobold barely misses you.
Unknown command.
You hit the big kobold but do no damage.
The big kobold is severely wounded.
The big kobold splashes around in the water.
Your unstable footing causes you to fumble your attack.
The big kobold hits you with a +0 whip.
You die...

█≈≈≈██
█≈≈.█
█.≈.█
██≈≈≈██
█.≈≈.≈█
█(███.█
█≈█ █≈█
██≈███.██
█.@≈█≈≈≈█
█K█≈█≈█≈█
█≈ ≈█≈█≈█
█≈ ≈█≈█†█
█. .█.█.█
██


██████ You could see a big kobold.

Vanquished Creatures
  A shadow imp (D:5)
  An ufetubus (D:5)
  2 oozes (Sewer)
  A worm (Sewer)
  A leopard gecko (D:3)
  An orc (D:4)
  A ball python (D:5)
  2 giant cockroaches
  A bat (D:3)
  A frilled lizard (D:3)
  A leopard gecko skeleton (D:5)
  2 rats (D:3)
15 creatures vanquished.

Notes
Turn   | Place    | Note
-------+----------+-------------------------------------------
     0 | D:5      | Goblin1989 the Demonspawn Delver began the quest for the
                  | Orb.
     0 | D:5      | Reached XP level 1. HP: 18/18 MP: 1/1
    85 | D:5      | Gained mutation: When seriously injured, your bleeding
                  | wounds create armour. (AC +9) [demonic ancestry]
    85 | D:5      | Reached XP level 2. HP: 4/24 MP: 2/2
   534 | D:5      | Noticed an ogre
   542 | D:5      | Noticed a wyvern
   672 | D:5      | Noticed a sky beast
   736 | D:4      | Noticed a howler monkey
   781 | D:4      | Noticed Sigmund
  1060 | D:3      | Found a transporter.
  1062 | D:3      | Noticed dscm's ghost (weakling HOGl)
  1117 | D:3      | Found a glowing drain.
  1124 | Sewer    | Entered a sewer
  1314 | Sewer    | Gained mutation: When seriously injured, your bleeding
                  | wounds create thick armour. (AC +9) [demonic ancestry]
  1314 | Sewer    | Reached XP level 3. HP: 20/29 MP: 3/3
  1470 | Sewer    | Noticed a big kobold
  1496 | Sewer    | Slain by a big kobold

Illustrated notes

Levels and vault maps discovered:
D:3:      layout_rooms, gammafunk_ghost_stat_death, gup_sewer_entry_bubbles
D:4:      wander_river, layout_loops_corners, uniq_sigmund
D:5:      layout_basic
Sewer:    sewer_co_tree

Skill      XL: |  1  2 |
---------------+-------+-----
Maces & Flails | 2 3 |  3.4
Fighting       | |  3.0
Dodging        | |  1.7
Stealth        | |  4.5

Action                   || total
-------------------------++-------
Melee: Mace              ||   108
  Use: Scroll            ||     2
 Stab: Sleeping          ||     2
Armor: Leather armour    ||    50
Dodge: Dodged            ||    83
